Cogmind - Beta 9.4 @@@ ROGUE MODE // 2020.02.02 @ 22:25:01 Player: eldritch Result: Self-destructed Performance ------------- Evolutions (2) 1000 Regions Visited (7) 1400 Robots Destroyed (33) 165 Value Destroyed (812) 812 Prototype IDs (25) 500 Alien Tech Used (0) 0 Bonus (348) 348 TOTAL SCORE: 4225 Bonus ------- Follower Combat Kills 48 Aligned with FarCom 300 Cogmind --------- Core Integrity 456/550 Matter 240/300 Energy 150/150 System Corruption 9% Temperature Cool (390) Movement Walking (240) Ox4 Location -8/Materials Parts ------- > --- POWER (2) -------- Light Angular Momentum Engine > --- PROPULSION (3) --- Advanced Treads Carbon-fiber Leg Titanium Leg > --- UTILITY (4) ------ Large Storage Unit High-capacity Storage Unit Advanced Targeting Computer > --- WEAPON (2) ------- Heavy EM Shotgun Lightning Gun > --- INVENTORY (18) --- Carbon-fiber Leg Titanium Leg Flexi-carbon Leg Large Storage Unit Compact Battery (300) Advanced Signal Interpreter Long-range Terrain Scanner 0b10 Alert Chip Armor Integrity Analyzer Lightning Gun Lightning Gun Faulty Heavy Particle Gun Autogun Gauss Rifle Rocket Launcher Katana Peak State ------------ > --- POWER ------------ Improved Ion Engine Light Angular Momentum Engine > --- PROPULSION ------- Advanced Treads Carbon-fiber Leg Titanium Leg > --- UTILITY ---------- Disposable Heat Sink Large Storage Unit High-capacity Storage Unit Improved Light Armor Plating > --- WEAPON ----------- Heavy EM Shotgun Lightning Gun > --- INVENTORY -------- Carbon-fiber Leg Titanium Leg Flexi-carbon Leg Large Storage Unit Compact Battery Advanced Signal Interpreter Long-range Terrain Scanner 0b10 Alert Chip Advanced Targeting Computer Armor Integrity Analyzer Lightning Gun Lightning Gun Lightning Gun Heavy Particle Gun Autogun Gauss Rifle Rocket Launcher Katana [Rating: 37] Favorites ----------- Power Improved Ion Engine Engine Improved Ion Engine Propulsion Aluminum Leg Treads Light Treads Leg Aluminum Leg Utility Large Storage Unit Device Heat Sink Storage Large Storage Unit Processor Advanced Targeting Computer Protection Improved Light Armor Plating Weapon EM Pulse Gun Energy Gun EM Pulse Gun Ballistic Gun Autogun Launcher Rocket Launcher Slashing Weapon Katana Build | -11 -10 -10 -9 -9 -9 -8 -8 ------- Run | Scr Mat Min Mat Min Exi Min Mat Slots Evolved 4 | . . . 2 . . . 2 Power 1 | . . . . . . . 1 Propulsion 1 | . . . 1 . . . . Utility 2 | . . . 1 . . . 1 Weapon . | . . . . . . . . Parts Attached 43 | . 2 3 16 2 . 5 15 Power 4 | . . . 3 . . . 1 Engine 4 | . . . 3 . . . 1 Core . | . . . . . . . . Reactor . | . . . . . . . . Propulsion 12 | . . . 7 . . 2 3 Treads 3 | . . . 2 . . . 1 Leg 9 | . . . 5 . . 2 2 Wheel . | . . . . . . . . Hover . | . . . . . . . . Flight . | . . . . . . . . Utility 9 | . 2 . 3 . . . 4 Device 2 | . 1 . . . . . 1 Storage 5 | . 1 . 3 . . . 1 Processor 1 | . . . . . . . 1 Hackware . | . . . . . . . . Protection 1 | . . . . . . . 1 Artifact . | . . . . . . . . Weapon 18 | . . 3 3 2 . 3 7 Energy Gun 12 | . . 2 2 1 . 2 5 Energy Cannon . | . . . . . . . . Ballistic Gun 1 | . . . 1 . . . . Ballistic Cannon . | . . . . . . . . Launcher 3 | . . 1 . 1 . 1 . Special Weapon . | . . . . . . . . Impact Weapon . | . . . . . . . . Slashing Weapon 2 | . . . . . . . 2 Piercing Weapon . | . . . . . . . . Special Melee Weapon . | . . . . . . . . Unidentified Prototypes 1 | . . . . . . . 1 Parts Lost 8 | . . . 3 . . . 5 Power 1 | . . . . . . . 1 Propulsion 1 | . . . 1 . . . . Utility 2 | . . . . . . . 2 Weapon 4 | . . . 2 . . . 2 Highest Loss Streak 4 | . . . 2 . . . 4 Average Slot Usage (%) 98 | . 92 99 97 100 100 100 96 Engine 13 | . 14 14 11 11 11 11 17 Treads 7 | . . . 9 11 11 11 9 Leg 22 | . 28 28 22 22 22 22 18 Device 10 | . 7 14 11 11 11 11 8 Storage 19 | . 14 14 21 22 22 22 18 Protection 1 | . . . . . . . 8 Energy Gun 20 | . 28 27 21 18 22 21 13 Naked Turns . | . . . . . . . . Heaviest Build 76 | 13 26 27 45 46 45 46 76 Greatest Support 32 | 20 20 20 23 23 23 30 32 Greatest Overweight (x) 3 | . 1 1 3 1 1 1 2 Average Overweight (x) 1 | . . 1 1 1 1 1 1 Largest Inventory Capacity 18 | . 12 10 16 16 16 16 18 Average Capacity 14 | . 9 10 15 16 16 16 16 Most Carried 18 | . 10 10 16 16 16 16 18 Average Carried 14 | . 9 9 14 15 15 15 15 Final Capacity 18 | 6 10 10 16 16 16 16 18 Final Carried 16 | 6 10 10 16 16 16 16 16 Class Distribution -------------------- 61% | Scavenger-Mutant 38% | Mutant Dominant Class ---------------- Mutant | -10/Materials Mutant | -10/Mines Mutant | -9/Materials Scavenger-Mutant | -9/Mines Scavenger-Mutant | -9/Exiles Scavenger-Mutant | -8/Mines Scavenger-Mutant | -8/Materials Resources | -11 -10 -10 -9 -9 -9 -8 -8 ----------- Run | Scr Mat Min Mat Min Exi Min Mat Matter Collected 561 | 200 . 76 140 30 . 50 65 Remotely . | . . . . . . . . Salvage Created 1394 | . . 20 723 60 . 124 467 Parts 74 | . . 5 45 . . 4 20 Haulers Intercepted 1 | . . . . . . . 1 Recyclers Shooed 4 | . . 1 3 . . . . Parts Field Recycled . | . . . . . . . . Retrieved Matter . | . . . . . . . . Parts Self-Destructed . | . . . . . . . . Prevented . | . . . . . . . . Kills | -11 -10 -10 -9 -9 -9 -8 -8 ------- Run | Scr Mat Min Mat Min Exi Min Mat Combat Hostiles Destroyed 25 | . . 3 14 . . 2 6 Melee 1 | . . . . . . . 1 Guns 20 | . . . 14 . . 2 4 AOE 3 | . . 3 . . . . . Classes Destroyed 7 | . . 1 5 . . . 1 Worker 3 | . . . 1 . . . 2 Hauler 1 | . . . . . . . 1 Recycler 4 | . . . 2 1 . 1 . Swarmer 9 | . . 3 4 . . 2 . Grunt 8 | . . . 5 . . . 3 Duelist 1 | . . . 1 . . . . Sentry 7 | . . . 4 . . . 3 Best Kill Streak 7 | . . 3 7 1 . 2 3 Combat Bots Only 5 | . . 3 5 . . 2 2 Max Kills in Single Turn 2 | . . 1 2 1 . 2 2 Gunslinging 1 | . . . 1 . . 1 . Exploded 1 | . . 1 . . . . . Melee 1 | . . . . . . . 1 Uniques/NPCs Destroyed . | . . . . . . . . Combat | -11 -10 -10 -9 -9 -9 -8 -8 -------- Run | Scr Mat Min Mat Min Exi Min Mat Damage Taken 1846 | . . 42 603 . . 45 1156 Core 201 | . . . 91 . . 16 94 Absorbed by Shields . | . . . . . . . . Core Remaining (%) 91 | 100 . 100 . . . 73 . Volleys Fired 77 | . . 3 36 3 . 2 33 Largest 2 | . . 1 2 2 . 2 2 Hottest 105 | . . 30 85 85 . 85 105 Shots Fired 148 | . . 3 69 6 . 4 66 Gun 145 | . . . 69 6 . 4 66 Cannon . | . . . . . . . . Launcher 3 | . . 3 . . . . . Special . | . . . . . . . . Kinetic . | . . . . . . . . Thermal . | . . . . . . . . Explosive 3 | . . 3 . . . . . Electromagnetic 145 | . . . 69 6 . 4 66 Robot Hit Streak 16 | . . 1 10 5 . 9 16 Robot Miss Streak 3 | . . 1 3 1 . . 3 Penetration Max . | . . . . . . . . Secondary Targets 6 | . . . 4 . . 1 1 Max Gunslinging Chain 1 | . . . 1 . . 1 1 Shots Hit Robots 118 | . . 2 49 5 . 3 59 Core Hits 62 | . . 4 33 1 . 4 20 Critical Hits . | . . . . . . . . Critical Kills . | . . . . . . . . Critical Parts Destroyed . | . . . . . . . . Melee Attacks 14 | . . . . . . . 14 Impact . | . . . . . . . . Slashing 14 | . . . . . . . 14 Piercing . | . . . . . . . . Sneak Attacks . | . . . . . . . . Combat Hostiles . | . . . . . . . . Follow-up Attacks . | . . . . . . . . Damage Inflicted 2235 | . . 235 779 82 . 41 1098 Guns 1660 | . . . 659 82 . 41 878 Cannons . | . . . . . . . . Explosions 474 | . . 235 118 . . . 121 Melee 99 | . . . . . . . 99 Ramming 2 | . . . 2 . . . . Kinetic . | . . . . . . . . Thermal 239 | . . . 118 . . . 121 Explosive 235 | . . 235 . . . . . Electromagnetic 1660 | . . . 659 82 . 41 878 Impact . | . . . . . . . . Slashing 99 | . . . . . . . 99 Piercing . | . . . . . . . . Highest Corruption 9 | . . . . . . . 9 Average Corruption 9 | . . . . . . . 9 Corruption Purged . | . . . . . . . . Effects 1 | . . . . . . . 1 Parts Rejected 1 | . . . . . . . 1 Overload Shots . | . . . . . . . . Overflow Damage . | . . . . . . . . Projectiles . | . . . . . . . . Explosions . | . . . . . . . . Melee . | . . . . . . . . Knockbacks . | . . . . . . . . Impact . | . . . . . . . . Kinetic . | . . . . . . . . Secondary . | . . . . . . . . Self-Inflicted Damage 111 | . . . 40 . . . 71 Shots 3 | . . . 1 . . . 2 Rammed 2 | . 1 . 1 . . . . Targets Rammed 2 | . 1 . 1 . . . . Kicked . | . . . . . . . . Crushed . | . . . . . . . . Highest Temperature 390 | . . . 9 . . . 390 Average Temperature 105 | . . . 3 . . . 115 Received Heat Transfer 552 | . . . 147 . . . 405 Effects 4 | . . . . . . . 4 Interference 3 | . . . . . . . 3 Damage (minor) 1 | . . . . . . . 1 Siege Activations . | . . . . . . . . Robots Corrupted 2 | . . . . . . . 2 Combat Hostiles 1 | . . . . . . . 1 Parts Fried 3 | . . . 2 . . . 1 Impact Corruptions . | . . . . . . . . Robots Melted . | . . . . . . . . Combat Hostiles . | . . . . . . . . Parts Melted . | . . . . . . . . Heat Transferred 350 | . . . 200 . . . 150 Parts Sabotaged . | . . . . . . . . Parts Stolen . | . . . . . . . . Parts Stripped . | . . . . . . . . Power Chain Reactions 4 | . . . 2 . . . 2 Missiles Intercepted . | . . . . . . . . Alert | -11 -10 -10 -9 -9 -9 -8 -8 ------- Run | Scr Mat Min Mat Min Exi Min Mat Peak Influence 360 | . 72 97 360 145 . 115 149 Average Influence 63 | . 29 53 75 90 . 35 75 Maximum Alert Level 1 | . . . 1 . . . . Low Security (%) 96 | . 100 100 82 100 . 100 100 Level 1 3 | . . . 17 . . . . Level 2 . | . . . . . . . . Level 3 . | . . . . . . . . Level 4 . | . . . . . . . . Level 5 . | . . . . . . . . High Security . | . . . . . . . . Max Security . | . . . . . . . . Squads Dispatched 4 | . 1 . . . . . 3 Investigation 1 | . . . . . . . 1 Extermination . | . . . . . . . . Reinforcement 3 | . 1 . . . . . 2 Assault . | . . . . . . . . Garrison . | . . . . . . . . Intercept . | . . . . . . . . Construction Impeded . | . . . . . . . . Haulers Reinforced . | . . . . . . . . Stealth | -11 -10 -10 -9 -9 -9 -8 -8 --------- Run | Scr Mat Min Mat Min Exi Min Mat Distress Signals 6 | . 1 . 1 . . . 4 Communications Jammed . | . . . . . . . . Distress Signals . | . . . . . . . . Times Spotted 48 | . 3 3 17 3 . 4 18 Peak Tracking Total 7 | . 3 3 4 3 . 4 7 Tactical Retreats 3 | . 1 . . 1 . . 1 Traps | -11 -10 -10 -9 -9 -9 -8 -8 ------- Run | Scr Mat Min Mat Min Exi Min Mat Traps Triggered 1 | . . . . . . . 1 Indirectly . | . . . . . . . . Trap Hack Attempts . | . . . . . . . . Triggered . | . . . . . . . . Disarmed . | . . . . . . . . Reprogrammed . | . . . . . . . . Reused . | . . . . . . . . Traps Extracted . | . . . . . . . . Installed . | . . . . . . . . Triggered . | . . . . . . . . Machines | -11 -10 -10 -9 -9 -9 -8 -8 ---------- Run | Scr Mat Min Mat Min Exi Min Mat Machines Disabled 2 | . . . 1 . . . 1 Max in Single Turn 1 | . . . 1 . . . 1 Machines Sabotaged . | . . . . . . . . Garrisons Compromised . | . . . . . . . . Overloaded Fab Kills . | . . . . . . . . Fab Network Shutdowns . | . . . . . . . . Hacking | -11 -10 -10 -9 -9 -9 -8 -8 --------- Run | Scr Mat Min Mat Min Exi Min Mat Machines Accessed 6 | . 2 . . . 2 1 1 Terminals 4 | . 2 . . . . 1 1 Fabricators . | . . . . . . . . Repair Stations . | . . . . . . . . Recycling Units . | . . . . . . . . Scanalyzers . | . . . . . . . . Garrison Access . | . . . . . . . . Total Hacks 18 | . 12 . . . 2 2 2 Successful 11 | . 8 . . . 2 . 1 Failed 7 | . 4 . . . . 2 1 Catastrophic 1 | . . . . . . 1 . Database Lockouts . | . . . . . . . . Manual 10 | . 7 . . . 1 2 . Terminals 16 | . 12 . . . . 2 2 Fabricators . | . . . . . . . . Repair Stations . | . . . . . . . . Recycling Units . | . . . . . . . . Scanalyzers . | . . . . . . . . Garrison Access . | . . . . . . . . Terminal Hacks 7 | . 4 . . . 2 . 1 Record 1 | . . . . . 1 . . Prototype ID Bank 1 | . 1 . . . . . . Branch Access Points 2 | . 1 . . . . . 1 Terminal Index 1 | . 1 . . . . . . Locate Traps 1 | . 1 . . . . . . EX-Prototype ID Bank 1 | . . . . . 1 . . Fabricator Hacks . | . . . . . . . . Repair Station Hacks . | . . . . . . . . Recycling Unit Hacks . | . . . . . . . . Scanalyzer . | . . . . . . . . Garrison Access Hacks . | . . . . . . . . Unauthorized Hacks 11 | . 11 . . . . . . Terminals 4 | . 4 . . . . . . Track 2 | . 2 . . . . . . Botnet 2 | . 2 . . . . . . Fabricators . | . . . . . . . . Repair Stations . | . . . . . . . . Recycling Units . | . . . . . . . . Scanalyzers . | . . . . . . . . Garrison Access . | . . . . . . . . Data Cores Recovered . | . . . . . . . . Used . | . . . . . . . . Hacking Detections 4 | . 2 . . . . 1 1 Full Trace Events . | . . . . . . . . Feedback Events . | . . . . . . . . Feedback Blocked . | . . . . . . . . Robot Schematics Acquired . | . . . . . . . . Robots Built . | . . . . . . . . Matter . | . . . . . . . . Time . | . . . . . . . . Total Robot Build Rating . | . . . . . . . . Part Schematics Acquired . | . . . . . . . . Parts Built . | . . . . . . . . Matter . | . . . . . . . . Time . | . . . . . . . . Total Part Build Rating . | . . . . . . . . Parts Repaired . | . . . . . . . . Time . | . . . . . . . . Parts Recycled . | . . . . . . . . Recycled Matter . | . . . . . . . . Retrieved Matter . | . . . . . . . . Retrieved Components . | . . . . . . . . Parts Scanalyzed . | . . . . . . . . Part Schematics Acquired . | . . . . . . . . Parts Damaged . | . . . . . . . . Bothacking | -11 -10 -10 -9 -9 -9 -8 -8 ------------ Run | Scr Mat Min Mat Min Exi Min Mat Used RIF Installer . | . . . . . . . . Robots Hacked . | . . . . . . . . Non-combat . | . . . . . . . . Combat . | . . . . . . . . Robot Hacks Applied . | . . . . . . . . Relay Couplers Released . | . . . . . . . . Robots Rewired . | . . . . . . . . Allies Hacked . | . . . . . . . . Hacks Repelled . | . . . . . . . . Allies | -11 -10 -10 -9 -9 -9 -8 -8 -------- Run | Scr Mat Min Mat Min Exi Min Mat Total Allies 3 | . . . . 3 . . . Largest Group 3 | . . . . 3 2 2 1 Highest-Rated Group 40 | . . . . 40 24 24 16 Highest-Rated Ally 16 | . . . . 16 16 16 16 Total Orders 2 | . . . . 2 . . . GOTO 1 | . . . . 1 . . . GUARD 1 | . . . . 1 . . . Ally Attacks 19 | . . . . 10 . 6 3 Total Damage 194 | . . . . 88 . 58 48 Kills 4 | . . . . 2 . 2 . Allies Corrupted . | . . . . . . . . Allies Melted . | . . . . . . . . Intel | -11 -10 -10 -9 -9 -9 -8 -8 ------- Run | Scr Mat Min Mat Min Exi Min Mat Robot Analysis Total . | . . . . . . . . Derelict Logs Recovered 2 | . . 2 . . . . . Drone Launches . | . . . . . . . . Drone Recoveries . | . . . . . . . . Exploration | -11 -10 -10 -9 -9 -9 -8 -8 ------------- Run | Scr Mat Min Mat Min Exi Min Mat Turns Passed 4206 | . 243 673 699 623 428 673 867 Spaces Moved 2345 | 1 161 439 300 396 283 404 361 Core . | . . . . . . . . Treads 13 | . . . 13 . . . . Legs 2332 | 1 161 439 287 396 283 404 361 Wheels . | . . . . . . . . Hover . | . . . . . . . . Flight . | . . . . . . . . Fastest Speed 120 | 120 120 150 150 150 150 150 150 Average Speed 154 | 120 144 150 176 150 150 150 157 Slowest Speed 210 | 120 150 150 210 150 150 150 185 Overloaded Moves . | . . . . . . . . Propulsion Burnouts . | . . . . . . . . Robots Hopped . | . . . . . . . . Cave-ins Triggered 1 | . . . . . . . 1 Exploration Rate (%) 46 | 2 22 81 22 64 63 85 34 Regions Visited 7 Branch Regions 4 Pre-discovered Areas 1 | . . . . . 1 . . Known Exits Taken 2 | . 1 . . . . 1 . Unknown Exits Taken 5 | 1 . 1 1 1 1 . . Scrap Searched 4 | . . 2 . . . 2 . Spaces Dug 11 | . . . . . . . 11 Terrain Destroyed 53 | . . 28 5 . . . 20 Melee 11 | . . . . . . . 11 Projectile . | . . . . . . . . AOE 42 | . . 28 5 . . . 9 Actions | -11 -10 -10 -9 -9 -9 -8 -8 --------- Run | Scr Mat Min Mat Min Exi Min Mat Total 2779 | . 170 450 405 420 287 468 579 Wait 226 | . . 3 24 12 3 52 132 Move 2338 | . 160 438 299 395 282 403 361 Hop . | . . . . . . . . Pick Up 40 | . 5 1 15 4 1 2 12 Fast Attach 7 | . 2 1 . . . . 4 Attach 9 | . . . 5 . . . 4 Detach . | . . . . . . . . Swap 27 | . . 2 11 2 . 5 7 Drop 39 | . 2 2 14 4 1 4 12 Fire 77 | . . 3 36 3 . 2 33 Melee 14 | . . . . . . . 14 Ram . | . . . . . . . . Kick 2 | . 1 . 1 . . . . Crush . | . . . . . . . . Escape Stasis . | . . . . . . . . Rewire . | . . . . . . . . Trap . | . . . . . . . . Miscellaneous . | . . . . . . . . Route ------- -11/Scrapyard -10/Materials (discovered 2 exits: *Min x2) -10/Mines -9/Materials (discovered 2 exits: Mat / [*Min]) -9/Mines (discovered 2 exits: *Mat / *Exi) -9/Exiles (discovered 2 exits: *Min x2) -8/Mines -8/Materials History --------- Turn | Location | Event 1 | -11/Scrapyard | Discovered new exit (range 0) 1 | -11/Scrapyard | Entered Materials 113 | -10/Materials | Identified exit to Mines 244 | -10/Materials | Entered Mines 304 | -10/Mines | Build established: Mutant 607 | -10/Mines | Received a Rocket Launcher from a helpful Derelict 639 | -10/Mines | Learned location of 1 exit from Materials 786 | -10/Mines | Discovered new exit (range 13) 917 | -10/Mines | Entered Materials 917 | -9/Materials | Evolved 2 slots: Propulsion x1, Utility x1 918 | -9/Materials | Identified exit to Materials 1473 | -9/Materials | Discovered new exit (range 8) 1616 | -9/Materials | Entered Mines 1633 | -9/Mines | Met a Derelict bent on vengeance 1646 | -9/Mines | Assembled infested the area 1651 | -9/Mines | Assisted by a Guerilla fighting off Assembled 1727 | -9/Mines | Assisted by bots powering up and referring to "LRC-V3" 1900 | -9/Mines | Build established: Scavenger-Mutant 2195 | -9/Mines | Discovered exit to Materials (range 7) 2231 | -9/Mines | Deemed a non-threat by the Exiles lab entrance 2233 | -9/Mines | Discovered new exit (range 5) 2239 | -9/Mines | Entered Exiles 2239 | -9/Exiles | Accompanied by 2 allies 2263 | -9/Exiles | Discovered new exit (range 15) 2280 | -9/Exiles | Met 8R-AWN 2301 | -9/Exiles | Met EX-HEX 2368 | -9/Exiles | Met EX-DEC 2376 | -9/Exiles | Learned location of Zion (-7) 2430 | -9/Exiles | Met EX-BIN 2451 | -9/Exiles | Aligned with FarCom system 2452 | -9/Exiles | Given EX-Vault access code 2497 | -9/Exiles | Opened EX-Vault 2510 | -9/Exiles | Found 0b10 Alert Chip 2542 | -9/Exiles | Warned to stay clear of 0b10 Research branches 2652 | -9/Exiles | Discovered new exit (range 10) 2667 | -9/Exiles | Left Exiles lab with 0b10 Alert Chip 2667 | -9/Exiles | Entered Mines 2667 | -8/Mines | Accompanied by 2 allies 3325 | -8/Mines | Discovered exit to Materials (range 9) 3340 | -8/Mines | Entered Materials 3340 | -8/Materials | Accompanied by 1 ally 3340 | -8/Materials | Evolved 2 slots: Power x1, Utility x1 4179 | -8/Materials | Crushed by falling debris 4207 | -8/Materials | Self-destructed Last Messages --------------- 04179_ Crushed by falling debris. 04179_ Disposable Heat Sink destroyed. 04179_ System corrupted by crushing effect (+4). 04179_ Lightning Gun destroyed. 04179_ System corrupted by crushing effect (+5). 04188_ Scanalyzer disabled. 04193_ System corrupted: Carbon-fiber Leg rejected. 04193_ U-05 Engineer builds a Wall. 04194_ Acquired Carbon-fiber Leg. 04195_ Imp. Ion Engine destroyed. 04198_ G-47 Trooper destroyed. 04198_ Switching to secondary target: G-47 Trooper. 04201_ K-01 Serf destroyed. 04204_ Overheating: Carbon-fiber Leg damaged (-37). 04204_ Chain reaction triggered in Lgt. Nuclear Core. 04204_ G-47 Trooper shuts down. 04205_ U-05 Engineer sends out distress signal. 04206_ Overheating: System interference. 04206_ Lightning Gun temporarily disabled. 04206_ Adv. Targeting Computer temporarily disabled. Map ----- +----------------------------------------------------+ | #??????# """ #???????????# # | | #??????# #???????????# ! # | | #??????# #???????????# ] # | | ########## #### ??????#== # | | ??????# # | | ??????# = # | | ??????#+#### | | ########## #####+#####????????# #??? | | """""????# # #????????# #??? | | ""T"" #??# # """ """ #????????# #??? | | #??# # """ """ #????????# #??? | | """ #??# # """ """ ########## #??? | | """""?#??# + + ==!%* #??? | | """"?????# # ####%########?? | | ??????##### ! #??#[## ?# | | ###??????????# =#??# ## """ # | | ?????????????############?# ##! """ # | | ???????????????????# ### ## """ # | | ???????????????????# # # | | ???????????????????#! [ + """ # | | ?????????????????### %[*#### # """ # | | ????????????######"##=%#;#;#+# """ # | | ????????????#[ !# *; " # # | | ????????????# +=%;g= S # # | | ????????????# !#%=#%= g # # | | ????????????######""# # @ !######### | | ######???????????####g # ! #???????? | | #????########### g# #???????? | | #????# ## g# #???????? | | """ #????# """## ########??????? | | """ ###### """## ##??##"####???? | | """ # ## ! """# ##### #???? | | # ## % / #???? | | # ## [!"""# T #???? | | # ## !"""# ##### #???? | | ###### ## """## ####### #####? | | ## "# ## ## # #? | | ## ############ ## + [ [#? | | ###+####??# #???# ##! # [||#? | | + #??###??## ##! [# ||#? | | ####### ######### # ####! !#? | | ##????# # "#??# !!#? | | #????# T / T#??#####? | | #???#####/######### # ! "#???????? | | #???# ######+### #???????? | | [#???# """ """ ## #### #???????? | | #???# """ """ ## """ ######???????? | | #???# """ """ ## """ ##???????????? | | ##???# ## """ #????????????? | | ?????# !!##] #????????????? | +----------------------------------------------------+ Best States ------------- Heat Dissipation 41 Coolant Potential 50 Energy Generation 25 Energy Capacity 315 Matter Stores 300 Matter Capacity 300 Sight Range 16 Terrain Scan Density 10 Armor Coverage 150 Evasion (%) 40 Targeting Accuracy 8 Recoil Reduction 1 Item Schematics ----------------- None Robot Schematics ------------------ None Fabricated ------------ Nothing Alien Tech Used ----------------- None Achievements -------------- None Challenges ------------ None Game ------ Seed LaserCannonKit Manual? 0 Play Time 00:27:13 Cumulative 210.5 hours Start 2020.02.02 @ 21:59:05 End 2020.02.02 @ 22:25:01 Sessions 1 Manual Loads 0 Difficulty Rogue Special Mode None Game No. 478 Rogue 478 Adventurer 0 Explorer 0 Win Type - Total 4 Types 3/0/0/1/0/0/0 Lore% 63 Gallery% 66 Achievement% 56 Wizard Run 0 Options --------- ASCII 0 Keyboard 0 Movement Arrows Keybinds 0 Fullscreen 1 Font 18/SmallcapsGlow Map View 76x50 Tactical HUD 1 Map Filters NONE Filters NONE Steam 1 RUN: 5a6130da-f6e3-4651-b38e-fe12daf329eb